 Dungeon Crawl Stone Soup version 0.17-a0-1805-g6093636 (webtiles) character file.

126 hexophile the Cutter (level 4, -3/23 HPs)
             Began as a Spriggan Abyssal Knight on Sept 13, 2015.
             Was an Initiate of Ru.
             Killed by divine providence
             ... invoked by an orc priest
              (8 damage)
             ... on level 7 of the Dungeon.
             The game lasted 00:08:59 (3749 turns).

hexophile the Cutter (Spriggan Abyssal Knight)      Turns: 3749, Time: 00:08:59

Health: -3/23      AC:  3    Str: 18      XL:     4   Next: 84%
Magic:  0/7        EV: 17    Int: 11 (13) God:    Ru [......]
Gold:   72         SH:  0    Dex: 15      Spells: 0 memorised, 3 levels left

rFire  . . .     SeeInvis +     e - +1 dagger (flame)
rCold  + . .     Clarity  .     b - +1 robe
rNeg   . . .     SustAt   .     (shield restricted)
rPois  .         Gourm    .     (helmet restricted)
rElec  .         Spirit   +     (no cloak)
rCorr  .         Warding  .     (gloves unavailable)
rMut   .         Stasis   .     (boots unavailable)
MR     .....                    f - amulet of guardian spirit
Stlth  +.........               q - +4 ring of strength
                                g - ring of protection from cold

@: mighty, very slightly contaminated, very quick, not resistant to hostile
enchantments, very unstealthy
A: unfitting armour, see invisible, herbivore 3, speed 3, slow metabolism 2
a: Renounce Religion


You were on level 7 of the Dungeon.
You worshipped Ru.
Ru was noncommittal.
You were full.

You visited 2 branches of the dungeon, and saw 8 of its levels.
You visited the Abyss 1 time.

You collected 257 gold pieces.
You donated 5 gold pieces to Zin.
You paid 180 gold pieces to Gozag.

Inventory:

Hand weapons
 a - a +1 short sword
 e - a +1 dagger of flaming (weapon)
 u - a +4 whip
Missiles
 m - 10 poisoned needles
Armour
 b - a +1 robe (worn)
Jewellery
 f - an amulet of guardian spirit (around neck)
 g - a ring of protection from cold (left hand)
 q - a +4 ring of strength (right hand)
 s - an uncursed ring of flight
Magical devices
 d - a wand of digging (12)
 n - a wand of slowing (8)
Scrolls
 h - a scroll of remove curse
 r - a scroll of blinking
Potions
 i - a potion of magic
 l - a potion of curing
 o - a potion of brilliance {unknown}
Comestibles
 c - 3 bread rations
 p - 2 fruits


   Skills:
 - Level 2.4(1.2) Fighting
 + Level 4.6(2.3) Short Blades
 - Level 3.5(1.7) Dodging
   Level 3.3(1.6) Invocations


You had 3 spell levels left.
You didn't know any spells.

Dungeon Overview and Level Annotations

Branches:
Dungeon (7/15)             Temple (1/1) D:4

Altars:
Ashenzari
Cheibriados
Dithmenos
Elyvilon
Fedhas
Gozag
Kikubaaqudgha
Nemelex Xobeh
Okawaru
Qazlal
Ru
Sif Muna
Trog
Vehumet
Xom
Yredelemnul
Zin
The Shining One

Annotations:
D:4 Natasha


Innate Abilities, Weirdness & Mutations

You are tiny and cannot use many weapons and most armour.
You have supernaturally acute eyesight.
You are a herbivore.
You cover ground extremely quickly.
You need consume almost no food.


Message History

The orc seems to speed up.
An orc and an orc priest come into view.
The orc priest shouts!
There is an open door here.
The orc shouts!
The orc shouts! x2
The orc priest hits you but does no damage.
You open the door.
There is an open door here.
The orc priest calls down the wrath of Beogh upon you.
Something smites you!
The orc priest calls down the wrath of Beogh upon you.
Pain shoots through your body!
* * * LOW HITPOINT WARNING * * *
As you open the door, it creaks loudly! The orc closely misses you.
The orc priest mumbles some strange prayers to Beogh against you.
Something smites you!
You die...
Xom chortles!

#.a.# .....
#...+ .... #
##'## ...
#..#.o#####+##
#....o'a.....+
#....o#......#
#...oo#......#
#.....#......#
#.....##..o@.#
#####+#####'##
... ....#
.....+ #.....#
##+####


You could see a worker ant, an orc priest and 2 orcs.

Vanquished Creatures
  A hound (D:6)
  A gnoll (D:3)
  3 adders (D:2)
  An ooze (D:2)
  2 worms (D:2)
  2 giant geckos
  An orc (D:4)
  A ball python (D:2)
  2 giant cockroaches
  6 hobgoblins
  5 bats
  4 giant newts
  11 goblins
  6 kobolds
  5 rats
51 creatures vanquished.

Notes
Turn   | Place    | Note
--------------------------------------------------------------
     0 | Abyss:1  | hexophile the Spriggan Abyssal Knight began the quest for the Orb.
     0 | Abyss:1  | Reached XP level 1. HP: 11/11 MP: 3/3
    19 | Abyss:1  | Found a corrupted altar of Lugonu.
    57 | Abyss:1  | Noticed a ynoxinul
   114 | Abyss:2  | Noticed a small abomination
   212 | Abyss:2  | Noticed a white very ugly thing
   229 | Abyss:2  | Noticed a sixfirhy
   254 | Abyss:2  | Noticed an iron imp
   278 | Abyss:2  | Noticed a flying skull
   279 | Abyss:2  | Noticed a flying skull
   281 | Abyss:2  | Noticed a flying skull
   287 | Abyss:2  | Noticed a blizzard demon
   292 | Abyss:2  | Noticed a hellwing
   323 | Abyss:2  | Noticed a smoke demon
   323 | Abyss:2  | Noticed a small abomination
   346 | D:1      | Escaped the Abyss
   460 | D:1      | Acquired Lugonu's first power
   672 | D:1      | Reached XP level 2. HP: 16/16 MP: 4/4
  1249 | D:2      | Found a deep blue altar of Sif Muna.
  1249 | D:2      | Found a shadowy altar of Dithmenos.
  1486 | D:2      | Found a blossoming altar of Fedhas.
  1486 | D:2      | Found a basalt altar of Yredelemnul.
  1538 | D:2      | Reached XP level 3. HP: 19/19 MP: 5/5
  1691 | D:2      | Found a glowing golden altar of the Shining One.
  1780 | D:2      | Acquired Lugonu's second power
  2052 | D:2      | Reached XP level 4. HP: 21/23 MP: 5/7
  2498 | D:3      | Reached skill level 4 in Short Blades
  2549 | D:3      | Found a snail-covered altar of Cheibriados.
  2950 | D:3      | HP: 2/23 [gnoll/spear (3)]
  2963 | D:4      | Found a staircase to the Ecumenical Temple.
  3069 | Temple   | Entered the Ecumenical Temple
  3340 | Temple   | Fell from the grace of Lugonu
  3340 | Temple   | Became a worshipper of Gozag Ym Sagoz the Greedy
  3345 | Temple   | Fell from the grace of Gozag
  3345 | Temple   | Became a worshipper of Qazlal Stormbringer
  3352 | Temple   | Fell from the grace of Qazlal
  3352 | Temple   | Became a worshipper of Warmaster Okawaru
  3357 | Temple   | Fell from the grace of Okawaru
  3357 | Temple   | Became a worshipper of Ashenzari the Shackled
  3374 | Temple   | Fell from the grace of Ashenzari
  3374 | Temple   | Became a worshipper of Xom the Tricky
  3379 | Temple   | Fell from the grace of Xom
  3379 | Temple   | Became a worshipper of Elyvilon the Healer
  3386 | Temple   | Fell from the grace of Elyvilon
  3386 | Temple   | Became a worshipper of Vehumet
  3391 | Temple   | Fell from the grace of Vehumet
  3391 | Temple   | Became a worshipper of Zin the Law-Giver
  3406 | Temple   | Fell from the grace of Zin
  3406 | Temple   | Became a worshipper of Trog the Wrathful
  3411 | Temple   | Fell from the grace of Trog
  3411 | Temple   | Became a worshipper of Kikubaaqudgha
  3418 | Temple   | Fell from the grace of Kikubaaqudgha
  3418 | Temple   | Became a worshipper of Ru the Awakened
  3423 | Temple   | Fell from the grace of Ru
  3423 | Temple   | Became a worshipper of Nemelex Xobeh the Trickster
  3428 | Temple   | Fell from the grace of Nemelex Xobeh
  3428 | Temple   | Became a worshipper of Ru the Awakened
  3493 | D:4      | Noticed Natasha
  3591 | D:5      | Entered Level 5 of the Dungeon
  3656 | D:6      | HP: 2/23 [iguana (4)]
  3664 | D:6      | Noticed a giant frog
  3749 | D:7      | Killed from afar by an orc priest

Vault maps used:
D:1:      tarquinn_simple_flora_water_e
D:2:      grunt_temple_overflow_open, nicolae_overflow_hidden_temple,
          st_stairs_3, minmay_unequal
D:3:      cheibriados_altar_wand_db
D:4:      minmay_temple_entry_overgrown, first_bread, uniq_natasha
D:6:      nicolae_dithmenos_the_darkroom
D:7:      uniq_duvessa
Temple:   zaba_magenta_temple_12
Abyss:1:  evilmike_abyss_exit_disperse, minivault_24

Action                   |  1- 3 |  4- 6 || total
-------------------------+-------+-------++-------
Melee: Short sword       |   123 |    82 ||   205
       Dagger            |       |    13 ||    13
Invok: Depart the Abyss  |     1 |       ||     1
Evoke: Wand              |       |     8 ||     8
  Use: Scroll            |     3 |     3 ||     6
       Potion            |     1 |     7 ||     8
 Stab: Sleeping          |     3 |       ||     3
  Eat: Bread ration      |       |     1 ||     1
